 Dungeon Crawl Stone Soup version 0.27.1-33-g824d729ab1 (webtiles) character file.

Game seed: 9522615219329590211

13 Descartes the Grasshopper (level 2, -2/13 HPs)
             Began as a Felid Warper on Dec 21, 2021.
             Was an Initiate of Ashenzari.
             Slain by a quokka (3 damage)
             ... on level 1 of the Dungeon.
             The game lasted 00:02:04 (615 turns).

Descartes the Grasshopper (Felid Warper)             Turns: 615, Time: 00:02:04

Health: -2/13      AC:  1    Str:  7    XL:     2   Next: 24%
Magic:  6/6        EV: 18    Int: 14    God:    Ashenzari [......]
Gold:   6          SH:  0    Dex: 15    Spells: 5/5 levels left
                                        Lives:  0   Deaths: 0

rFire    . . .     SeeInvis +     - Unarmed
rCold    . . .     Faith    .   (shield unavailable)
rNeg     . . .     Spirit   .   (armour unavailable)
rPois    .         Reflect  .   (helmet unavailable)
rElec    .         Harm     .   (cloak unavailable)
rCorr    .         Rampage  .   (gloves unavailable)
Will     .....                  (boots unavailable)
Stlth    +.........             (no amulet)
HPRegen  0.04/turn              (no ring)
MPRegen  0.10/turn              (no ring)

@: quick
A: very small, claws 1, fangs 3, see invisible, speed 1, shaggy fur 1, stealthy
paws, no weapons or thrown items, no armour, multi-lived
a: Renounce Religion, Curse Item


You were on level 1 of the Dungeon.
You worshipped Ashenzari.
Ashenzari was noncommittal.
You visited 1 branch of the dungeon, and saw 1 of its levels.

You collected 6 gold pieces.

Inventory:

Missiles
 b - 47 stones
Scrolls
 a - a scroll of blinking
Potions
 c - a potion of curing


   Skills:
 - Level 2.0 Fighting
 + Level 3.8 Dodging
 + Level 2.5 Unarmed Combat
 - Level 2.0 Spellcasting
 - Level 4.4 Translocations


You had 5 spell levels left.
You didn't know any spells.
Your spell library contained the following spells:

 Spells                   Type           Power      Damage    Failure   Level
 Blink                    Tloc           N/A        N/A       6%          2
 Gell's Gravitas          Tloc           6%         N/A       12%         3
 Lesser Beckoning         Tloc           6%         N/A       12%         3
 Teleport Other           Tloc           13%        N/A       12%         3
 Manifold Assault         Tloc           13%        N/A       73%         5


Dungeon Overview and Level Annotations

Branches:
Dungeon (1/15)

Altars:
Ashenzari


Innate Abilities, Weirdness & Mutations

You have sharp claws.
You have razor-sharp teeth.
You have supernaturally acute eyesight. (SInv)
You cover ground quickly. (Speed+)
You are covered in fur. (AC +1)
Your paws help you pounce on unaware monsters.
You are incapable of wielding weapons or throwing items.
You cannot wear armour.
You gain extra lives every three experience levels.


Message History

You are too injured to fight recklessly!
You are too injured to fight recklessly!
You are too injured to fight recklessly!
You are too injured to fight recklessly!
You are too injured to fight recklessly!
You are too injured to fight recklessly!
You are too injured to fight recklessly!
You are too injured to fight recklessly!
You are too injured to fight recklessly!
You are too injured to fight recklessly!
You are too injured to fight recklessly!
You are too injured to fight recklessly!
You are too injured to fight recklessly!
You are too injured to fight recklessly!
You are too injured to fight recklessly!
You are too injured to fight recklessly!
The goblin closely misses you.
You closely miss the goblin. The endoplasm misses you. The goblin misses you.
You scratch the goblin.
You kill the goblin!
The endoplasm freezes you.
You are frozen.
* * * LOW HITPOINT WARNING * * *
The endoplasm jiggles.
You see here a +0 dagger.
A quokka comes into view.
You scratch the quokka.
The quokka is moderately wounded.
The quokka closely misses you. The endoplasm closely misses you.
You miss the quokka.
The quokka is moderately wounded.
The quokka misses you. The endoplasm misses you. The quokka bites you.
* * * LOW HITPOINT WARNING * * *
You closely miss the quokka.
The quokka is moderately wounded.
The endoplasm closely misses you. The quokka completely misses you.
You miss the quokka.
The quokka is moderately wounded.
The quokka bites you.
You die...

#..............##.....
#..............######.
#....)......##........
###...........# ........
............### ........
............### ........
...............#........
♣.♣.♣.♣J.......#........
.......@.......#........
♣.♣.♣.♣r.....##.........
.............# .♣.♣.♣...
..♣.♣...................
..............♣.♣.♣.♣...
........................
........................
.......######...........
.##.... ...........


You could see an endoplasm and a quokka.

Vanquished Creatures
  2 bats (D:1)
  An endoplasm (D:1)
  2 hobgoblins (D:1)
  A kobold (D:1)
  A quokka (D:1)
  2 frilled lizards (D:1)
  2 goblins (D:1)
11 creatures vanquished.

Vanquished Creatures (others)
  A plant (D:1)
1 creature vanquished.

Grand Total: 12 creatures vanquished

Notes
Turn   | Place    | Note
-------+----------+-------------------------------------------
     0 | D:1      | Descartes the Felid Warper began the quest for the Orb.
     0 | D:1      | Reached XP level 1. HP: 9/9 MP: 4/4
   507 | D:1      | Found a faded altar of an unknown god.
   510 | D:1      | Became a worshipper of Ashenzari the Shackled
   528 | D:1      | Reached XP level 2. HP: 13/13 MP: 6/6
   615 | D:1      | Slain by a quokka

Illustrated notes

Levels and vault maps discovered:
D:1:      elethiomel_arrival_infinity_welcomes_careful_drivers, layout_basic,
          shapermc_ecumenical_altar_mp_ritualfount, serial_forest,
          infiniplex_forest_end_1, infiniplex_forest_lined_3_way,
          infiniplex_forest_lined_room_2, infiniplex_forest_clump_small,
          infiniplex_forest_clump_large, infiniplex_forest_straight_4,
          infiniplex_forest_lined_2, infiniplex_forest_zigzag_1

Action                   || total
-------------------------++-------
Melee: Unarmed           ||    42
       Bite              ||     2
 Stab: Distracted        ||     1
       Sleeping          ||     1
Armor: Skin              ||     2
Dodge: Dodged            ||    44
